 Dungeon Crawl Stone Soup version 0.23-a0-767-gdc19b93d68 (webtiles) character file.

141325 Flugkiller the Warrior (level 17, -12/118 HPs)
             Began as a Kobold Wanderer on Jan 21, 2019.
             Was the Champion of Makhleb.
             Shot with a bolt by Vashnia (21 damage)
             ... on level 3 of the Snake Pit.
             The game lasted 01:41:42 (39592 turns).

Flugkiller the Warrior (Kobold Wanderer)           Turns: 39592, Time: 01:41:43

Health: -12/118    AC: 19    Str: 16    XL:     17   Next: 94%
Magic:  24/24      EV: 30    Int: 15    God:    Makhleb [******]
Gold:   486        SH:  0    Dex: 20    Spells: 19/26 levels left

rFire    + . .     SeeInvis .   b - +9 quick blade (vamp)
rCold    + . .     Gourm    .   (shield restricted)
rNeg     . . .     Faith    .   v - +1 leather armour "Buicvuid" {rElec rC+ Str+4}
rPois    +         Spirit   .   J - +2 hat
rElec    +         Reflect  .   c - +2 cloak {+Inv}
rCorr    .         Harm     .   H - +2 pair of gloves {Dex+3}
MR       +....                  W - +1 pair of boots of the Forsaken Friends {rF+}
Stlth    +++++.....             A - amulet of the acrobat
HPRegen  0.29/turn              G - +4 ring of protection
MPRegen  0.19/turn              l - ring "Bigaciob" {+Inv rPois}

@: about to teleport
A: small, carnivore, shaggy fur 1, wild magic 1
a: Minor Destruction, Lesser Servant of Makhleb, Major Destruction, Greater
Servant of Makhleb, Renounce Religion, Evoke Invisibility


You were on level 3 of the Snake Pit.
You worshipped Makhleb.
Makhleb was exalted by your worship.
You were completely stuffed.

You visited 4 branches of the dungeon, and saw 26 of its levels.
You also visited: Gauntlet.

You collected 2226 gold pieces.
You spent 1740 gold pieces at shops.

Inventory:

Hand Weapons
 a - the +5 hand crossbow "Dogumuty" {flame, rC- Int+5 Dex+4}
   (You found it on level 11 of the Dungeon)

   It causes projectiles fired from it to burn those they strike, causing extra
   injury to most foes and up to half again as much damage against particularly
   susceptible opponents.
   It affects your intelligence (+5).
   It affects your dexterity (+4).
   It makes you vulnerable to cold.
 b - a +9 vampiric quick blade (weapon)
   (You acquired it on level 5 of the Lair of Beasts)
Missiles
 e - 3 throwing nets (quivered)
 t - 343 bolts
Armour
 c - a +2 cloak of invisibility (worn)
   (You bought it in a shop on level 5 of the Dungeon)
 r - +0 steam dragon scales
   (You found it on level 10 of the Dungeon)
 v - the +1 leather armour "Buicvuid" (worn) {rElec rC+ Str+4}
   (You found it on level 4 of the Dungeon)

   It affects your strength (+4).
   It protects you from cold.
   It insulates you from electricity.
 H - a +2 pair of gloves of dexterity (worn)
   (You found it on level 8 of the Dungeon)
 I - a scarf of resistance
   (You found it on level 10 of the Dungeon)
 J - a +2 hat (worn)
   (You found it on level 12 of the Dungeon)
 W - the +1 pair of boots of the Forsaken Friends (worn) {rF+}
   (You found it on level 11 of the Dungeon)

   It protects you from fire.
Jewellery
 h - an uncursed ring of protection from fire
   (You found it on level 13 of the Dungeon)
 i - the ring "Isocoipp" {MR+ Str+4 Dex+6}
   (You found it in a Gauntlet)

   [ring of protection from magic]

   It affects your strength (+4).
   It affects your dexterity (+6).
   It affects your resistance to hostile enchantments.
 k - an uncursed ring of see invisible
   (You found it on level 12 of the Dungeon)
 l - the ring "Bigaciob" (right hand) {+Inv rPois}
   (You bought it in a shop on level 2 of the Orcish Mines)

   [ring of poison resistance]

   It protects you from poison.
   It lets you turn invisible.
 A - an amulet of the acrobat (around neck)
   (You found it on level 7 of the Dungeon)
 G - a +4 ring of protection (left hand)
   (You found it in a Gauntlet)
 P - an uncursed ring of protection from cold
   (You found it on level 1 of the Lair of Beasts)
 T - a +4 ring of protection
   (You found it on level 11 of the Dungeon)
Wands
 g - a wand of paralysis (13)
   (You found it on level 6 of the Lair of Beasts)
 s - a wand of polymorph (21)
   (You found it on level 8 of the Dungeon)
 y - a wand of acid (11)
   (You took it off a human on level 13 of the Dungeon)
 D - a wand of flame (75)
   (You took it off a crimson imp on level 9 of the Dungeon)
 R - a wand of iceblast (35)
   (You found it on level 2 of the Lair of Beasts)
Scrolls
 o - 3 scrolls of identify
 p - 3 scrolls of fog
 q - 8 scrolls of magic mapping
 u - 6 scrolls of remove curse
 w - 12 scrolls of teleportation
 E - 4 scrolls of enchant weapon
 F - a scroll of silence
 K - 3 scrolls of immolation
 M - a scroll of summoning
 Q - 2 scrolls of torment
 S - 6 scrolls of enchant armour
 U - a scroll of vulnerability
 X - 3 scrolls of holy word
 Y - 5 scrolls of fear
Potions
 d - 4 potions of might
 j - 4 potions of brilliance
 m - 6 potions of heal wounds
 n - 2 potions of mutation
 z - 6 potions of haste
 B - 8 potions of curing
 C - 2 potions of lignification
 L - 2 potions of magic
 N - 3 potions of invisibility
 O - a potion of ambrosia
 V - a potion of cancellation
Miscellaneous
 Z - a phial of floods
   (You found it in a Gauntlet)
Comestibles
 f - 38 rations
 x - a chunk of flesh


   Skills:
 + Level 17.6 Fighting
 - Level 10.0 Short Blades
   Level 2.7 Maces & Flails
 - Level 10.0 Crossbows
 - Level 1.5 Armour
 - Level 17.4 Dodging
 - Level 10.0 Stealth
 - Level 1.0 Unarmed Combat
 - Level 5.0 Spellcasting
 - Level 10.0 Hexes
 - Level 2.0 Charms
 - Level 9.0 Invocations
 - Level 10.0 Evocations


You had 19 spell levels left.
You knew the following spells:

 Your Spells              Type           Power        Failure   Level  Hunger
a - Confusing Touch       Hex            #####.       1%          1    None
b - Confuse               Hex            #####...     1%          3    ###....
c - Spectral Weapon       Hex/Chrm       ####....     8%          3    ###....

Your spell library contained the following spells:

 Spells                   Type           Power        Failure   Level  Hunger
 Slow                     Hex            #####...     1%          2    ##.....
 Inner Flame              Hex/Fire       ###.....     12%         3    ###....
 Summon Guardian Golem    Hex/Summ       ###.....     12%         3    ###....
 Apportation              Tloc           #.....       28%         1    None
 Flame Tongue             Conj/Fire      #....        28%         1    None
 Magic Dart               Conj           #...         28%         1    None
 Sandblast                Erth           #.....       28%         1    None
 Shock                    Conj/Air       #...         28%         1    None
 Summon Small Mammal      Summ           #...         28%         1    None
 Swiftness                Chrm/Air       #.......     28%         2    ##.....
 Blink                    Tloc           N/A          38%         2    ##.....
 Call Imp                 Summ           #.......     38%         2    ##.....
 Passwall                 Tmut/Erth      #.......     38%         2    ##.....
 Throw Flame              Conj/Fire      #.....       38%         2    ##.....
 Call Canine Familiar     Summ           #.......     61%         3    ###....
 Conjure Flame            Conj/Fire      #.......     61%         3    ###....
 Gell's Gravitas          Tloc           #.........   61%         3    ###....
 Mephitic Cloud           Conj/Pois/Air  #.......     61%         3    ###....
 Static Discharge         Conj/Air       #.......     61%         3    ###....
 Stone Arrow              Conj/Erth      #.....       61%         3    ###....
 Metabolic Englaciation   Hex/Ice        ###.......   65%         5    ######.
 Yara's Violent Unravell  Hex/Tmut       ###.......   65%         5    ######.
 Airstrike                Air            #.........   93%         4    ####...
 Petrify                  Tmut/Erth      #.......     93%         4    ####...
 Sticky Flame             Conj/Fire      #.......     93%         4    ####...
 Summon Ice Beast         Ice/Summ       #.......     93%         4    ####...
 Summon Lightning Spire   Summ/Air       #.......     93%         4    ####...
 Fireball                 Conj/Fire      #.........   100%        5    ######.
 Lee's Rapid Deconstruct  Erth           #.........   100%        5    ######.
 Lightning Bolt           Conj/Air       #.........   100%        5    ######.
 Malign Gateway           Summ/Tloc      #.........   100%        7    #######


Dungeon Overview and Level Annotations

Branches:
Dungeon (15/15)            Temple (0/1) D:5            Lair (6/6) D:9
 Shoals (0/4) Lair:3        Snake (3/4) Lair:3        Slime (0/5) Lair:5
    Orc (2/2) D:10            Elf (0/3) Orc:2        Vaults (0/5) D:13
 Depths (0/5) D:15

Altars:
Cheibriados
Fedhas
Gozag
Makhleb
Nemelex Xobeh
Okawaru
Sif Muna
Trog
Vehumet
Xom
Zin
The Shining One
Beogh

Shops:
D:5 [(   D:8 [   D:13 [   Orc:1 (   Orc:2 ?(**

Annotations:
D:9 2 transporters
D:11 2 runed doors
Lair:2 exclusion: 3 oklob plants
Snake:3 Vashnia


Innate Abilities, Weirdness & Mutations

You are small and have problems with some larger weapons.
You are carnivorous and can eat meat at any time.
You are covered in fur. (AC +1)
Your spells are a little harder to cast, but a little more powerful.


Message History

The naga sharpshooter magically shoots a bolt.
The bolt hits you. The anaconda completely misses you.
The anaconda closely misses you.
You hear an angry hiss.
You see here a bolt.
You feel sick. The anaconda misses you. x2
The naga sharpshooter casts a spell.
The naga sharpshooter magically shoots a bolt.
The bolt hits you!
You see here 2 bolts.
You feel sick. The anaconda completely misses you. x2
The naga sharpshooter gestures wildly while chanting.
The naga sharpshooter magically shoots a bolt.
The bolt misses you.
You see here 2 bolts.
You feel sick.
Vashnia says, "Hold still for a moment.
You're making this shot difficult."
The anaconda completely misses you. The anaconda barely misses you.
You feel sick.
Vashnia unwields a +4 long sword of electrocution.
It stops crackling.
Vashnia wields a +0 arbalest.
Vashnia gestures wildly while chanting.
Vashnia magically shoots a bolt.
The bolt hits you!
* * * LOW HITPOINT WARNING * * *
The anaconda misses you. The anaconda completely misses you.
The naga sharpshooter mumbles some strange words.
The naga sharpshooter magically shoots a bolt.
The bolt hits you!!
* * * LOW HITPOINT WARNING * * *
You see here 3 bolts.
As you read the scroll of fear, it crumbles to dust.
You assume a fearsome visage.
Vashnia resists with almost no effort.
The naga sharpshooter looks frightened!
The anaconda looks frightened!
You feel sick.
Vashnia blinks!
Unknown command.
As you read the scroll of teleportation, it crumbles to dust.
You feel strangely unstable.
You feel sick.
Vashnia shoots a bolt.
The bolt hits you!!
* * * LOW HITPOINT WARNING * * *
You feel better.
Unknown command.
Okay, then.
Unknown command.
As you read the scroll of fog, it crumbles to dust.
The scroll dissolves into smoke.
The sea snake hisses angrily.
The naga sharpshooter shouts!
Vashnia says, "Hold still for a moment.
You're making this shot difficult."
Vashnia mumbles some strange words.
Vashnia magically shoots a bolt.
The bolt hits you!!
You die...

N.))..(###..##..........##.=#
⌠..........S....SN........#.#
......÷...N.#...............#
...########...(.............#
..#()## ##..((...≈≈≈......#
..#...# #..(..).≈≈≈....†.#
..##.># #...(..§≈≈≈≈.....#
...#### ##..§§§§≈≈≈≈..(..#
.### #..§@§≈≈≈≈≈≈....#
.####### #..§§§.≈≈≈......#
.....#.## #..§..§≈≈.......#
.....#..## ##.............##
.........## #.............#
######..#.## ##...........##
##....# ###.......#.#
##...#** #####.....# ##..#,**
#...###


You could see Vashnia, a naga sharpshooter, a sea snake and an anaconda
(fleeing).

Vanquished Creatures
  3 nagarajas
  A minotaur (Gauntlet)
  Snorg (Orc:2)
  Josephine (Lair:5)
  Harold (D:7)
  10 naga warriors
  4 hydras
  9 anacondas
  2 death knights
  9 centaur warriors
  A merfolk avatar (Lair:6)
  A tengu warrior (D:11)
  6 death yaks
  16 two-headed ogres
  2 ogre magi (D:15)
  The ghost of hemabe the Charlatan, a novice HuAr of Trog (D:8)
  An orc high priest (Orc:2)
  11 naga sharpshooters
  4 shock serpents
  2 salamander mystics (Snake:3)
  10 sea snakes
  A naga ritualist (Snake:3)
  4 unseen horrors
  A lindwurm (Lair:6)
  A wizard (D:14)
  2 mana vipers (Snake:1)
  An orc knight (D:13)
  2 ugly things (D:11)
  7 orc sorcerers
  A cyclops (D:13)
  3 manticores
  A moth of wrath (Gauntlet)
  10 salamanders
  35 black mambas
  9 elephants (Lair:6)
  Psyche (D:11)
  13 naga magi
  3 guardian serpents (Snake:2)
  6 centaur skeletons
  8 spiny frogs
  2 gargoyles
  A rime drake (Lair:6)
  A kobold demonologist (D:11)
  10 komodo dragons
  A tengu conjurer (D:13)
  2 ice devils (D:12)
  3 trolls
  A meliai (shapeshifter) (D:14)
  4 hornets
  A polar bear (shapeshifter) (D:14)
  3 polar bears (Lair:6)
  3 meliai (D:14)
  3 slime creatures (D:13)
  Grinder (D:6)
  A tyrant leech (Gauntlet)
  6 dream sheep (Lair:6)
  13 blink frogs
  7 hippogriffs
  A vampire (D:12)
  6 wraiths
  7 wyverns
  15 yaks
  Grum (D:9)
  14 humans (D:13)
  A basilisk (Lair:5)
  4 hungry ghosts
  5 vampire mosquitoes
  A steam dragon (D:10)
  23 nagas
  3 swamp worms (Gauntlet)
  2 wargs
  2 acid dragons
  A soldier ant (D:13)
  Edmund (D:4)
  19 water moccasins
  7 porcupines
  21 orc warriors
  4 ice beasts
  A hornet zombie (D:15)
  4 sky beasts
  A black bear (D:8)
  8 ogres
  2 phantoms
  18 crocodiles
  33 centaurs
  24 wolves
  2 big kobolds
  17 bullfrogs
  A gnoll sergeant (D:8)
  A wyvern skeleton (D:11)
  4 scorpions
  12 killer bees (D:10)
  13 wights
  7 howler monkeys
  2 bullfrog zombies
  7 crimson imps
  3 quasits
  8 hounds
  6 jellies
  25 orc priests
  32 orc wizards
  3 centaur zombies
  4 gnoll shamans
  4 bullfrog skeletons
  5 iguanas
  13 worker ants
  A hound skeleton (D:8)
  A worker ant zombie (D:11)
  20 gnolls
  17 adders
  12 shadow imps
  An adder zombie (D:6)
  2 adder skeletons
  2 worms
  6 dart slugs
  8 leopard geckos
  84 orcs
  4 giant cockroaches
  7 goblins
  4 hobgoblins
  3 jackals (D:1)
  10 kobolds
  4 quokkas
  7 ball pythons
  5 bats
  6 frilled lizards
  A giant cockroach zombie (D:5)
  A jackal skeleton (D:5)
  2 quokka skeletons
  5 rats
879 creatures vanquished.

Vanquished Creatures (collateral kills)
  An orc wizard (D:10)
  A worker ant (D:10)
2 creatures vanquished.

Vanquished Creatures (others)
  An unseen horror (D:11)
  A black mamba (Snake:3)
  2 humans (D:13)
  A warg (D:9)
  2 centaurs
  A scorpion (D:7)
  An orc wizard (Orc:2)
  An orc (D:9)
  A bush (Lair:6)
  14 fungi
  27 plants
  A spectral weapon (Snake:2)
53 creatures vanquished.

Grand Total: 934 creatures vanquished

Notes
Turn   | Place    | Note
-------+----------+-------------------------------------------
     0 | D:1      | Flugkiller the Kobold Wanderer began the quest for the Orb.
     0 | D:1      | Flugkiller set off with the following items: a +2 mace, a
                  | scroll of teleportation, a potion of lignification, a +0
                  | robe, a ration
     0 | D:1      | Reached XP level 1. HP: 12/12 MP: 1/1
   277 | D:1      | Reached XP level 2. HP: 16/16 MP: 2/2
   515 | D:1      | Reached skill level 1 in Short Blades
   757 | D:1      | Reached XP level 3. HP: 20/21 MP: 3/3
  1080 | D:2      | Found a burning altar of Makhleb.
  1372 | D:2      | Found a radiant altar of Vehumet.
  1443 | D:2      | Became a worshipper of Makhleb the Destroyer
  2042 | D:3      | Reached XP level 4. HP: 26/26 MP: 4/4
  2043 | D:3      | Found a snail-covered altar of Cheibriados.
  2219 | D:3      | HP: 1/40 [orc/+0 trident (3)]
  2664 | D:3      | Found a sparkling altar of Nemelex Xobeh.
  2765 | D:3      | Reached XP level 5. HP: 31/31 MP: 5/5
  3392 | D:4      | Got a scorched leather armour
  3403 | D:4      | Identified the +1 leather armour "Buicvuid" {rElec rC+
                  | Str+4} (You found it on level 4 of the Dungeon)
  3509 | D:4      | Found a bloodstained altar of Trog.
  3519 | D:4      | Reached * piety under Makhleb
  3811 | D:4      | Noticed Edmund
  4142 | D:4      | Killed Edmund
  4142 | D:4      | Reached skill level 1 in Invocations
  4142 | D:4      | Reached XP level 6. HP: 18/37 MP: 5/7
  4343 | D:5      | Entered Level 5 of the Dungeon
  4408 | D:5      | Reached skill level 5 in Short Blades
  4924 | D:5      | Found a staircase to the Ecumenical Temple.
  4941 | D:4      | Reached XP level 7. HP: 41/41 MP: 8/8
  5201 | D:5      | Found Letunu's Weapon Shop.
  5213 | D:5      | Bought a +1 hand crossbow of flaming for 146 gold pieces
  5446 | D:5      | Reached skill level 1 in Crossbows
  6593 | D:5      | Found Reakepil's Armour Boutique.
  6692 | D:5      | Found an iron altar of Okawaru.
  7333 | D:5      | Found a glowing golden altar of the Shining One.
  7333 | D:5      | Found a shimmering altar of Xom.
  7375 | D:5      | Reached XP level 8. HP: 48/48 MP: 10/10
  7753 | D:6      | Reached skill level 5 in Dodging
  8018 | D:5      | Bought a +0 cloak of invisibility for 115 gold pieces
  8255 | D:6      | Reached skill level 5 in Fighting
  8381 | D:6      | Reached XP level 9. HP: 53/54 MP: 9/11
  9183 | D:6      | Noticed Grinder
  9202 | D:6      | Paralysed by Grinder for 2 turns
  9211 | D:6      | Killed Grinder
  9318 | D:6      | Reached ** piety under Makhleb
  9666 | D:6      | Reached skill level 5 in Crossbows
 10031 | D:7      | Reached skill level 10 in Short Blades
 10056 | D:7      | Noticed Harold
 10682 | D:7      | Killed Harold
 10682 | D:7      | Reached XP level 10. HP: 60/60 MP: 9/12
 11132 | D:7      | Learned a level 1 spell: Confusing Touch
 11486 | D:7      | Reached skill level 1 in Spellcasting
 11486 | D:7      | Reached skill level 1 in Hexes
 11513 | D:8      | Found a runed gate.
 11516 | D:8      | Found a runed gate.
 11516 | D:8      | Found a runed gate.
 11516 | D:8      | Noticed hemabe's ghost (novice HuAr)
 11530 | D:8      | Identified the +9 plate armour of the Arcane {rPois rF++
                  | Str-3 Int+3}
 11531 | D:8      | Found a roughly hewn altar of Beogh.
 11657 | D:8      | Reached skill level 5 in Invocations
 11738 | D:8      | Found Sumpol's Armour Shop.
 12021 | D:8      | Found a blossoming altar of Fedhas.
 12420 | D:8      | Found an opulent altar of Gozag.
 12421 | D:8      | Found a glowing silver altar of Zin.
 12560 | D:9      | Found a staircase to the Lair.
 12574 | D:9      | Reached XP level 11. HP: 53/64 MP: 11/14
 13078 | D:9      | Reached *** piety under Makhleb
 13367 | D:9      | Found a deep blue altar of Sif Muna.
 13500 | D:9      | Found a transporter.
 13576 | D:9      | Noticed Grum
 13596 | D:9      | Killed Grum
 13617 | D:9      | Reached skill level 10 in Crossbows
 13665 | D:9      | Found a transporter.
 13667 | D:9      | Noticed a glowing orange brain
 14164 | D:8      | Killed hemabe's ghost
 14164 | D:8      | Reached skill level 10 in Dodging
 14428 | D:10     | Entered Level 10 of the Dungeon
 14819 | D:10     | Reached **** piety under Makhleb
 15321 | D:10     | Identified the amulet of Ciel {Harm *Drain Str+4}
 15335 | D:10     | Gained mutation: You are agile. (Dex +2) [potion of
                  | mutation]
 15335 | D:10     | Gained mutation: You are very agile. (Dex +4) [potion of
                  | mutation]
 15546 | D:10     | Reached XP level 12. HP: 75/75 MP: 15/15
 15915 | D:10     | Killed an unseen horror
 16098 | D:10     | Got a faintly humming leather armour
 16130 | D:10     | Found a staircase to the Orcish Mines.
 16142 | D:10     | Identified the +1 leather armour of Koxziok {-Tele rElec
                  | rN+ Slay+2} (You found it on level 10 of the Dungeon)
 16338 | Lair:1   | Entered Level 1 of the Lair of Beasts
 17044 | Lair:1   | Reached skill level 10 in Fighting
 17653 | Lair:2   | Got a transparent robe
 17654 | Lair:2   | Identified the +1 robe "Hemi" {MR+ Dex+3 Slay-6} (You found
                  | it on level 2 of the Lair of Beasts)
 18226 | Lair:3   | Found a staircase to the Snake Pit.
 18290 | Lair:3   | Found a staircase to the Shoals.
 18743 | Lair:3   | You fall through a shaft for 2 floors!
 18773 | Lair:4   | Reached ***** piety under Makhleb
 19138 | Lair:3   | Noticed an eight-headed hydra
 20006 | Lair:3   | Killed an eight-headed hydra
 20039 | Lair:3   | Reached XP level 13. HP: 84/84 MP: 17/17
 20714 | Lair:4   | Reached skill level 5 in Evocations
 20723 | Lair:3   | Gained mutation: You occasionally shout uncontrollably at
                  | your foes. [mutagenic glow]
 21384 | Lair:4   | Lost mutation: You are very agile. (Dex +4) [potion of
                  | mutation]
 21384 | Lair:4   | Lost mutation: You are agile. (Dex +2) [potion of mutation]
 21384 | Lair:4   | Lost mutation: You occasionally shout uncontrollably at
                  | your foes. [potion of mutation]
 21384 | Lair:4   | Gained mutation: Your spells are a little harder to cast,
                  | but a little more powerful. [potion of mutation]
 21384 | Lair:4   | Gained mutation: You are covered in fur. (AC +1) [potion of
                  | mutation]
 21871 | Lair:5   | Learned a level 3 spell: Confuse
 22276 | Lair:5   | Noticed Josephine
 22544 | Lair:5   | Killed Josephine
 22568 | Lair:5   | Reached skill level 5 in Hexes
 23053 | Lair:5   | Found a staircase to the Slime Pits.
 23105 | Lair:6   | Entered Level 6 of the Lair of Beasts
 23165 | Lair:6   | Reached skill level 5 in Stealth
 23849 | Lair:6   | Reached XP level 14. HP: 90/90 MP: 18/20
 24425 | Lair:6   | Identified a scroll of acquirement
 25581 | Lair:6   | Got a jewelled ring mail
 25592 | Lair:6   | Identified the cursed +1 ring mail of the Comet {rElec
                  | Int+4 Dex-4 Stlth+} (You found it on level 6 of the Lair of
                  | Beasts)
 26270 | D:11     | Noticed Psyche
 26280 | D:11     | Killed Psyche
 26496 | D:11     | Reached skill level 10 in Stealth
 26691 | D:11     | Reached skill level 15 in Dodging
 26751 | D:11     | Got a pair of scorched boots
 26864 | D:11     | Found a runed door.
 26915 | D:11     | Found a runed door.
 26939 | D:11     | Found a blossoming altar of Fedhas.
 27029 | D:11     | Got a fine hand crossbow
 27030 | D:11     | Identified the +5 hand crossbow "Dogumuty" {flame, rC-
                  | Int+5 Dex+4} (You found it on level 11 of the Dungeon)
 27035 | D:11     | Got a shimmering hunting sling
 27039 | D:11     | Identified the +1 pair of boots of the Forsaken Friends
                  | {rF+} (You found it on level 11 of the Dungeon)
 27067 | D:11     | Got a pitted hand axe
 27272 | D:11     | Reached ****** piety under Makhleb
 27424 | D:12     | Reached XP level 15. HP: 94/94 MP: 21/21
 27429 | D:12     | Got a pair of transparent boots
 27432 | D:12     | Identified the cursed +0 pair of boots of Kemo Yfiku
                  | {Dex+4} (You found it on level 12 of the Dungeon)
 27498 | D:12     | Found a gate leading to a gauntlet.
 27506 | Gauntlet | Entered a Gauntlet
 27506 | Gauntlet | Found a transporter.
 27517 | Gauntlet | Found a transporter.
 27531 | Gauntlet | Found a transporter.
 27537 | Gauntlet | Found a transporter.
 27558 | Gauntlet | Found a transporter.
 27571 | Gauntlet | Found a transporter.
 27583 | Gauntlet | Found a transporter.
 27591 | Gauntlet | Found a large runed translucent door.
 27592 | Gauntlet | Found a large runed translucent door.
 27593 | Gauntlet | Found a large runed translucent door.
 27593 | Gauntlet | Found a large runed translucent door.
 27594 | Gauntlet | Found a runed translucent gate.
 27595 | Gauntlet | Found a transporter.
 27595 | Gauntlet | Found a runed translucent gate.
 27596 | Gauntlet | Found a runed translucent gate.
 27597 | Gauntlet | Found a large runed translucent door.
 27597 | Gauntlet | Found a large runed translucent door.
 27598 | Gauntlet | Found a large runed translucent door.
 27599 | Gauntlet | Found a large runed translucent door.
 27607 | Gauntlet | Found a transporter.
 27619 | Gauntlet | Found a transporter.
 27640 | Gauntlet | Found a transporter.
 27653 | Gauntlet | Found a transporter.
 27655 | Gauntlet | Found a transporter.
 27680 | Gauntlet | Found a transporter.
 27700 | Gauntlet | Found a transporter.
 27702 | Gauntlet | Found a transporter.
 27798 | Gauntlet | Found a large runed translucent door.
 27798 | Gauntlet | Found a large runed translucent door.
 27798 | Gauntlet | Found a runed translucent door.
 27798 | Gauntlet | Found a runed translucent door.
 27799 | Gauntlet | Found a large runed translucent door.
 27800 | Gauntlet | Found a large runed translucent door.
 27802 | Gauntlet | Found a transporter.
 27822 | Gauntlet | Found a large runed translucent door.
 27822 | Gauntlet | Found a large runed translucent door.
 27823 | Gauntlet | Found a large runed translucent door.
 27824 | Gauntlet | Found a large runed translucent door.
 27828 | Gauntlet | Found a transporter.
 27994 | Gauntlet | Identified the +8 hand axe of Proximity {elec, rN+ Str+7
                  | Int+2} (You found it on level 11 of the Dungeon)
 28116 | Gauntlet | Got a bound ivory ring
 28121 | Gauntlet | Identified the ring "Isocoipp" {MR+ Str+4 Dex+6} (You found
                  | it in a Gauntlet)
 28276 | Gauntlet | Identified Sif Muna's Grimoire of the Lucky Voyage
 28431 | D:12     | Reached skill level 10 in Evocations
 29120 | D:13     | Found a gate to the Vaults.
 29545 | D:13     | Found Querch's Antique Armour Shoppe.
 32571 | D:15     | Entered Level 15 of the Dungeon
 33294 | D:15     | Reached XP level 16. HP: 103/103 MP: 23/23
 33841 | D:15     | Found a staircase to the Depths.
 34148 | Orc:1    | Entered Level 1 of the Orcish Mines
 34153 | Orc:1    | Found Raotom's Weapon Emporium.
 34229 | Orc:2    | Entered Level 2 of the Orcish Mines
 34902 | Orc:2    | Found a staircase to the Elven Halls.
 35047 | Orc:2    | Noticed Snorg
 35070 | Orc:2    | Killed Snorg
 35589 | Orc:2    | Found Hiozob's Assorted Antiques.
 35589 | Orc:2    | Found Meoror's Magic Scroll Shop.
 35590 | Orc:2    | Found Cuog Iwu's Weapon Shop.
 35593 | Orc:2    | Found Kaperr's Assorted Antiques.
 35778 | Orc:2    | Bought a scroll of brand weapon for 300 gold pieces
 35779 | Orc:2    | Bought a scroll of brand weapon for 300 gold pieces
 35780 | Orc:2    | Bought a scroll of brand weapon for 300 gold pieces
 35786 | Orc:2    | Bought a scroll of teleportation for 45 gold pieces
 35787 | Orc:2    | Bought a scorched bone ring for 130 gold pieces
 35788 | Orc:2    | Bought a scroll of identify for 30 gold pieces
 35794 | Orc:2    | Identified the ring "Bigaciob" {+Inv rPois} (You bought it
                  | in a shop on level 2 of the Orcish Mines)
 35807 | Orc:2    | Bought a scroll of identify for 30 gold pieces
 35808 | Orc:2    | Bought a scroll of magic mapping for 52 gold pieces
 35809 | Orc:2    | Bought a warped tin amulet for 130 gold pieces
 35810 | Orc:2    | Bought a scroll of identify for 30 gold pieces
 35813 | Orc:2    | Identified the amulet of Udecol Cofue {Harm *Drain rElec
                  | rPois Dex+4} (You bought it in a shop on level 2 of the
                  | Orcish Mines)
 35890 | Orc:2    | Bought a scroll of teleportation for 102 gold pieces
 35890 | Orc:2    | Bought a fuming golden potion for 30 gold pieces
 35902 | Orc:2    | Learned a level 3 spell: Spectral Weapon
 36061 | Snake:1  | Entered Level 1 of the Snake Pit
 36238 | Snake:1  | Reached skill level 1 in Charms
 36611 | Snake:1  | Reached skill level 5 in Spellcasting
 37532 | Snake:2  | Reached skill level 10 in Hexes
 37725 | Snake:2  | Reached XP level 17. HP: 111/111 MP: 22/24
 38028 | Snake:2  | You fall through a shaft!
 38051 | Snake:3  | Reached skill level 15 in Fighting
 38731 | Snake:3  | Noticed Vashnia
 39590 | Snake:3  | HP: 3/118 [Vashnia/bolt (34)]
 39592 | Snake:3  | Shot with a bolt by Vashnia

Vault maps used:
D:1:      minmay_arrival_arboretum_large
D:2:      fiery_altar_vehumet, makhleb_grotto_becter
D:3:      lemuel_doored_altar, cheibriados_altar_1, first_ration
D:4:      nicolae_overflow_hidden_temple, uniq_edmund
D:5:      grunt_temple_overflow_open, minmay_temple_entry_hall, serial_shops,
          shop, nicolae_shop_stone
D:6:      uniq_grinder
D:7:      minmay_manual_mares, uniq_harold
D:8:      grunt_temple_overflow_gold_and_silver, kennysheep_mini,
          biasface_ghost_orc_armoury, serial_shops, shop_fountains,
          hangedman_pestilent_swarm, minmay_misc_feat_enclosed,
          grunt_ministairs_6
D:9:      gammafunk_jiyva_shrine, lemuel_blue_sif_altar,
          erik_lair_orcish_takeover, serial_column_ruins, column_ruins_hut,
          column_ruins_corridor_straight, column_ruins_open_medium,
          column_ruins_open_tiny, column_ruins_open_tiny, column_ruins_grid_1,
          st_stairs_4, uniq_grum
D:10:     david_orc_4, kennysheep_generic_room_7
D:11:     minmay_the_grid_triangle_9x9_rhombus_full_mashed, uniq_psyche
D:12:     portal_ice_cave_demonic_guard, gauntlet_entry_generic
D:13:     david_vaults_3, serial_shops, shop
D:15:     grunt_enter_depths_magical_seal, minmay_misc_feat_diagonals
Lair:2:   infiniplex_staircase_pool_2, minmay_lair_oklob_chamber
Lair:3:   minmay_shoals_entry_centaurs, dummy_snake_entry
Lair:5:   dpeg_slime_entry_corner, uniq_josephine
Lair:6:   gammafunk_lair_ancient_temple
Snake:3:  abandoned_shop, drop_trap, grunt_ministairs_6, nicolae_snake_springs,
          uniq_vashnia
Orc:1:    serial_shops, shop
Orc:2:    st_orc_mages, uniq_snorg
Gauntlet: gammafunk_gauntlet_one_two_three

Skill      XL: |  1  2  3  4  5  6  7  8  9 10 11 12 13 14 15 16 17 |
---------------+----------------------------------------------------+-----
Short Blades   | 1 2 3 4 5 6 8 10 | 10.0
Dodging        | 2 3 4 5 9 11 13 15 16 17 | 17.4
Fighting       | 2 3 4 5 6 8 11 12 14 17 | 17.6
Invocations    | 1 2 3 5 6 9 |  9.0
Crossbows      | 1 3 5 7 10 | 10.0
Spellcasting   | 2 4 5 |  5.0
Hexes          | 3 4 7 8 10 | 10.0
Evocations     | 3 6 8 10 | 10.0
Stealth        | 5 10 | 10.0
Charms         | 2 |  2.0
Maces & Flails | |  2.7
Armour         | |  1.5
Unarmed Combat | |  1.0

Action                   |  1- 3 |  4- 6 |  7- 9 | 10-12 | 13-15 | 16-18 || total
-------------------------+-------+-------+-------+-------+-------+-------++-------
Melee: Mace              |    12 |       |     4 |       |       |       ||    16
       Dagger            |   109 |   217 |   639 |  1400 |   520 |       ||  2885
       Punch             |       |     1 |     2 |     6 |    15 |    12 ||    36
       Quick blade       |       |       |       |       |  1374 |  1283 ||  2657
 Fire: Hand crossbow     |       |       |    16 |    15 |       |       ||    31
Throw: Stone             |     1 |       |       |       |       |       ||     1
 Cast: Confusing Touch   |       |       |       |    82 |   158 |   136 ||   376
       Confuse           |       |       |       |       |     4 |    13 ||    17
       Spectral Weapon   |       |       |       |       |       |     3 ||     3
Invok: Lesser Servant of |       |       |       |     2 |       |       ||     2
 Abil: Evoke Invisibilit |       |       |     8 |    11 |    34 |     5 ||    58
Evoke: Wand              |       |       |       |       |     9 |     1 ||    10
  Use: Scroll            |     4 |     3 |     2 |    17 |    14 |    16 ||    56
       Potion            |       |     4 |     2 |     2 |     1 |     3 ||    12
 Stab: Sleeping          |     3 |       |     1 |    12 |    21 |    17 ||    54
       Invisible         |       |       |    20 |    31 |    98 |     9 ||   158
       Held in net/web   |       |       |     1 |       |       |       ||     1
       Confused          |       |       |       |    67 |   163 |   174 ||   404
       Distracted        |       |       |       |       |     2 |     2 ||     4
       Paralysed         |       |       |       |       |     1 |       ||     1
  Eat: Chunk             |    10 |     9 |    21 |    48 |    59 |    24 ||   171
       Ration            |       |       |       |     1 |       |       ||     1
Armor: Robe              |     9 |       |       |       |       |       ||     9
       Skin              |       |    33 |       |       |       |       ||    33
       Ring mail         |       |     9 |       |       |       |       ||     9
       Leather armour    |       |    50 |    75 |   128 |       |    64 ||   317
       Steam dragon scal |       |       |       |    68 |   165 |    21 ||   254
Dodge: Dodged            |    79 |   172 |   359 |  1009 |  1139 |   719 ||  3477

Table legend:
 A = Non-vault XP
 B = Vault XP
 C = Vault XP percentage of total XP
 D = Non-vault monster count
 E = Vault monster count
 F = Vault count percentage of total count
                 A         B        C        D         E       F
            +---------+---------+-------+---------+---------+-------
      Total |  142423 |   59470 |  29.5 |     657 |     228 |  25.8
            +---------+---------+-------+---------+---------+-------
        D:1 |      51 |       0 |   0.0 |      23 |       0 |   0.0
        D:2 |      13 |       0 |   0.0 |       9 |       0 |   0.0
        D:3 |      88 |       0 |   0.0 |      23 |       0 |   0.0
        D:4 |     104 |     149 |  58.9 |       7 |       1 |  12.5
        D:5 |    1054 |       0 |   0.0 |      33 |       0 |   0.0
        D:6 |    1517 |     277 |  15.4 |      33 |       1 |   2.9
        D:7 |    1247 |    1101 |  46.9 |      17 |       3 |  15.0
        D:8 |    1154 |    2290 |  66.5 |      21 |      16 |  43.2
        D:9 |    1866 |     985 |  34.5 |      24 |      10 |  29.4
       D:10 |    6108 |     772 |  11.2 |      60 |      20 |  25.0
       D:11 |    6336 |    8707 |  57.9 |      39 |      23 |  37.1
       D:12 |    7188 |     650 |   8.3 |      45 |       2 |   4.3
       D:13 |    7167 |    5401 |  43.0 |      46 |      19 |  29.2
       D:14 |    8876 |       0 |   0.0 |      33 |       0 |   0.0
       D:15 |    9078 |    6408 |  41.4 |      19 |      11 |  36.7
     Lair:1 |    2004 |       0 |   0.0 |       7 |       0 |   0.0
     Lair:2 |    1813 |     372 |  17.0 |      11 |       2 |  15.4
     Lair:3 |    6260 |     339 |   5.1 |      18 |       4 |  18.2
     Lair:4 |    4110 |       0 |   0.0 |      10 |       0 |   0.0
     Lair:5 |    5387 |    1687 |  23.8 |      28 |       4 |  12.5
     Lair:6 |    7406 |    9515 |  56.2 |      25 |      26 |  51.0
    Snake:1 |   17876 |       0 |   0.0 |      32 |       0 |   0.0
    Snake:2 |   21463 |       0 |   0.0 |      40 |       0 |   0.0
    Snake:3 |   23287 |   11614 |  33.3 |      37 |      28 |  43.1
      Orc:2 |     970 |    6054 |  86.2 |      17 |      46 |  73.0
   Gauntlet |       0 |    3149 | 100.0 |       0 |      12 | 100.0
            +---------+---------+-------+---------+---------+-------
